 Dungeon Crawl Stone Soup version 0.31-a0-728-g01b46875f1 (webtiles) character file.

Game seed: 5064174094666795720

4184 iamoutofideas the Cleaver (level 10, -4/84 HPs)
             Began as a Hill Orc Berserker on Sept 7, 2023.
             Was an Elder of Trog.
             Slain by an orc knight
             ... wielding a +0 glaive
              (30 damage)
             ... in a bailey on Sept 12, 2023.
             The game lasted 00:13:48 (7300 turns).

iamoutofideas the Cleaver (Hill Orc Berserker)      Turns: 7300, Time: 00:13:48

Health: -4/84      AC: 12    Str: 25    XL:     10   Next: 29%
Magic:  10/10      EV: 12    Int:  7    God:    Trog [****..]
Gold:   312        SH: 10    Dex: 10    Spells: 9/9 levels left

rFire   + . .        s - +1 war axe
rCold   + . .        l - +1 buckler
rNeg    . . .        w - +1 ring mail
rPois   +            (no helmet)
rElec   +            (no cloak)
rCorr   +            (no gloves)
SInv    .            x - +0 pair of boots
Will    .....        B - amulet of reflection
Stlth   +            p - +4 ring of protection
HPRegen 0.34/turn    D - +4 ring of slaying
MPRegen 0.12/turn

%: reflection
@: about to teleport, resistant, on berserk cooldown
A: no striking features
a: Renounce Religion, Berserk, Trog's Hand, Brothers in Arms


You were in a bailey.
You worshipped Trog.
Trog was greatly pleased with you.
You visited 2 branches of the dungeon, and saw 9 of its levels.
You also visited: Sewer and Bailey.

You collected 312 gold pieces.

Inventory:

Hand Weapons
 a - a +0 hand axe
 s - a +1 war axe (weapon)
Armour
 l - a +1 buckler (worn)
 w - a +1 ring mail (worn)
 x - a +0 pair of boots (worn)
 y - the +2 buckler "Caha Xoc" {*Slow rF+ SInv}
   (You found it on level 4 of the Dungeon)

   rF+:       It protects you from fire.
   SInv:      It lets you see invisible.
   *Slow:     It may slow you when you take damage.
Jewellery
 b - a +4 ring of protection
 p - a +4 ring of protection (left hand)
 B - an amulet of reflection (around neck)
 D - a +4 ring of slaying (right hand)
Wands
 v - a wand of flame (38)
Scrolls
 c - a scroll of poison
 j - a scroll of teleportation
 A - 2 scrolls of revelation
Potions
 d - 5 potions of curing
 e - 2 potions of ambrosia
 f - 2 potions of cancellation
 i - a potion of might
 k - 3 potions of magic
 m - a potion of haste
 r - a potion of attraction {unknown}
 t - 3 potions of brilliance
 z - a potion of mutation {unknown}


   Skills:
 - Level 6.8 Fighting
 + Level 14.0 Axes
 - Level 6.0 Armour
 + Level 5.1 Dodging
 + Level 1.5 Stealth
 - Level 4.0 Shields


You had 9 spell levels left.
You didn't know any spells.
Your spell library contained the following spells:

 Spells                   Type           Power      Damage    Failure   Level
 Kiss of Death            Conj/Necr      0%         2d5       63%         1
 Magic Dart               Conj           0%         1d3       63%         1
 Slow                     Hex            0%         N/A       63%         1
 Passwall                 Tmut/Erth      0%         N/A       77%         2
 Poisonous Vapours        Pois/Air       0%         N/A       77%         2
 Searing Ray              Conj           0%         2d4       77%         2
 Confusing Touch          Hex            0%         N/A       94%         3
 Mephitic Cloud           Conj/Pois/Air  0%         N/A       94%         3
 Sigil of Binding         Hex            0%         N/A       94%         3
 Vampiric Draining        Necr           0%         2d6       94%         3
 Fulminant Prism          Conj/Hex       0%         3d5       100%        4
 Agony                    Necr           0%         N/A       100%        5
 Freezing Cloud           Conj/Ice/Air   0%         6-21      100%        5
 Haunt                    Necr/Summ      0%         N/A       100%        7


Dungeon Overview and Level Annotations

Branches:
Dungeon (8/15)             Temple (1/1) D:5           Sewer (visited)
 Bailey (1/1)
   Lair: D:8-11

Altars:
Ashenzari
Dithmenos
Elyvilon
Fedhas
Gozag
Hepliaklqana
Kikubaaqudgha
Makhleb
Nemelex Xobeh
Okawaru
Qazlal
Ru
Uskayaw
Vehumet
Wu Jian
Xom
Zin
The Shining One
Jiyva

Shops:
D:1 [=

Annotations:
D:8 2 transporters


Message History

Your orc closely misses the orc knight.
The orc knight hits your orc with a +0 glaive!!
Your orc dies!
Your orc's corpse dissolves into shadows!
Something closely misses your orc.
Your orc hits the orc knight with a +0 club.
The orc knight hits something with a +0 glaive!!
Something hits your orc!
Your orc dies!
Your orc's corpse dissolves into shadows!
Your orc closely misses the orc knight.
Your orc dissolves into shadows!
You feel yourself slow down.
You feel yourself speed up.
The orc knight no longer looks unusually strong. x2
The orc knight roars a battlecry!
The orc knight goes into a battle-frenzy!
Okay, then.
Okay, then.
The air fills with toxic fumes!
As you read the scroll of poison, it crumbles to dust.
You feel a little less mighty now.
The orc knight is engulfed in poison gas.
The orc knight is poisoned.
Unknown command.
As you read the scroll of teleportation, it crumbles to dust.
You feel strangely unstable.
The orc knight is engulfed in poison gas.
The orc knight is poisoned.
The orc knight hits you from afar with a +0 glaive!!
* * * LOW HITPOINT WARNING * * *
Unknown command.
You feel better.
The orc knight is engulfed in poison gas.
The orc knight looks even sicker.
The orc knight barely misses you.
You feel better.
The orc knight is engulfed in poison gas.
The orc knight looks even sicker.
The orc knight hits you from afar with a +0 glaive!!
You die...

....##o#########.##............#
....##ooo#).?#)§§##..§§§.......#
....##o###.8o###§##..§§§.......#
....##oo)#oo.#)§.##.§§§§.......#
....##.####'####§##§§§§§.......#
.....#..##∩§∩##§.##§§§§§.......#
.....##..#'''##oo§§§§§§§.......#
......##.....##§§§§§§§§§.......#
)≈≈≈...##....##§@§§§§§§§≈......#
)##≈....#######§§§§§##§#≈≈.....#
)∩#≈.........§§§§§§§#∩.##≈.....#
...........§§§§§§§§§§§..#≈.....#
.##≈.....§§§§§§§§§§§##§##≈.....#
##≈≈.....§§§§§§§§§§§§###≈≈.....#
≈≈≈......§§§§§§§§§§§§§≈≈≈......#
.........§§§§§§§§§§§§§§........#
...............................#


You could see 2 orc knights.

Vanquished Creatures
  Sigmund (D:2)
  A water moccasin (D:6)
  A black bear (D:7)
  9 orc warriors
  3 ice beasts
  A sky beast (D:6)
  An ogre (D:5)
  3 phantoms
  3 kobold brigands (Sewer)
  4 scorpions
  5 wights (D:8)
  2 howler monkeys (D:7)
  3 jellies
  6 orc priests
  4 hounds
  A sleepcap (D:5)
  6 iguanas
  7 orc wizards
  7 gnolls (D:6)
  11 adders
  2 river rats (Sewer)
  A shadow imp (D:7)
  2 ufetubi
  2 dart slugs
  44 orcs
  15 ball pythons
  9 endoplasms
  9 giant cockroaches
  10 goblins
  2 hobgoblins (D:2)
  7 jackals
  12 kobolds
  9 quokkas
  2 bats
  6 frilled lizards
  8 rats
219 creatures vanquished.

Vanquished Creatures (collateral kills)
  An orc knight (Bailey)
1 creature vanquished.

Grand Total: 220 creatures vanquished

Notes
Turn   | Place    | Note
-------+----------+-------------------------------------------
     0 | D:1      | iamoutofideas the Hill Orc Berserker began the quest for
                  | the Orb.
     0 | D:1      | Reached XP level 1. HP: 19/19 MP: 1/1
    33 | D:1      | Reached XP level 2. HP: 27/27 MP: 2/2
   158 | D:1      | Found Heteg's Armour Emporium.
   186 | D:1      | Found Ipuall's One-of-a-Kind Rings.
   751 | D:1      | Reached XP level 3. HP: 31/33 MP: 3/3
  1030 | D:2      | Reached skill level 5 in Axes
  1082 | D:2      | Found a faded altar of an unknown god.
  1173 | D:2      | Reached ** piety under Trog
  1285 | D:2      | HP: 2/49 [poisoned by an adder]
  1306 | D:2      | Noticed Sigmund
  1339 | D:2      | Killed Sigmund
  1340 | D:2      | Reached XP level 4. HP: 41/41 MP: 4/4
  1340 | D:2      | Reached XP level 5. HP: 47/47 MP: 5/5
  1493 | D:2      | Reached skill level 5 in Fighting
  1493 | D:2      | Reached XP level 6. HP: 38/56 MP: 6/6
  2452 | D:4      | Found a glowing drain.
  2475 | D:4      | Reached skill level 6 in Axes
  2503 | Sewer    | Entered a sewer
  2735 | Sewer    | Reached skill level 1 in Shields
  2899 | Sewer    | Reached XP level 7. HP: 61/61 MP: 7/7
  3326 | D:4      | Upgraded the game from 0.31-a0-691-g409c26aa35 to
                  | 0.31-a0-728-g01b46875f1
  3520 | D:4      | Reached skill level 7 in Axes
  3740 | D:4      | Identified the +2 buckler "Caha Xoc" {*Slow rF+ SInv}
  3825 | D:4      | Reached *** piety under Trog
  3834 | D:4      | Reached XP level 8. HP: 58/70 MP: 8/8
  4279 | D:5      | Entered Level 5 of the Dungeon
  4348 | D:5      | Reached skill level 5 in Armour
  4684 | D:5      | Found a staircase to the Ecumenical Temple.
  4737 | Temple   | Entered the Ecumenical Temple
  5114 | D:6      | Reached skill level 8 in Axes
  5273 | D:6      | Got Pocuekom's Grimoire of the Postmortem Body
  5315 | D:6      | Found a glowing golden altar of the Shining One.
  5423 | D:6      | Reached XP level 9. HP: 78/78 MP: 9/9
  5498 | D:6      | Reached skill level 9 in Axes
  5683 | D:7      | Reached **** piety under Trog
  5715 | D:7      | Reached skill level 10 in Axes
  6046 | D:7      | Reached skill level 11 in Axes
  6232 | D:7      | Found a white marble altar of Elyvilon.
  6480 | D:8      | Found a transporter.
  6481 | D:8      | Found a viscous altar of Jiyva.
  6515 | D:8      | Found a transporter.
  6516 | D:8      | Noticed a great orb of eyes
  6537 | D:8      | Reached skill level 12 in Axes
  6539 | D:8      | Reached skill level 1 in Stealth
  6561 | D:8      | Found a flagged portal.
  6587 | Bailey   | Entered a bailey
  6862 | Bailey   | Reached XP level 10. HP: 84/84 MP: 10/10
  6899 | Bailey   | Reached skill level 13 in Axes
  6945 | Bailey   | Reached skill level 5 in Dodging
  7240 | Bailey   | Noticed an orc knight
  7240 | Bailey   | Noticed an orc knight
  7240 | Bailey   | Noticed an orc knight
  7280 | Bailey   | Killed an orc knight
  7281 | Bailey   | Reached skill level 14 in Axes
  7300 | Bailey   | Slain by an orc knight

Illustrated notes

Levels and vault maps discovered:
D:1:      amcnicky_arrival_blooded_trapdoor, layout_basic, serial_shops, shop,
          hangedman_abyss_or_decor_lesser_grid, nicolae_shop_unique_rings
D:2:      layout_rooms, basic_ecumenical_altar, uniq_sigmund
D:3:      layout_loops_ring, mrwooster_statue_mirror,
          chequers_serial_rivers_large_b
D:4:      layout_basic, portal_sewer_entry_f, minmay_snake_closets
D:5:      layout_rooms, minmay_temple_entry_wispy
D:6:      layout_gridville, tso_metal_star, kennysheep_generic_room_2
D:7:      layout_basic, mainiacjoe_overflow_24_doors
D:8:      gammafunk_jiyva_shrine, layout_basic, grunt_temple_overflow_diamond,
          enter_bailey_3, bh_walls_and_bars
Temple:   kb_temple_of_zot
Bailey:   bailey_polearm_2, bailey

Skill      XL: |  1  2  3  4  5  6  7  8  9 10 |
---------------+-------------------------------+-----
Fighting       | 4 5 6 |  6.8
Axes           | 5 6 7 8 12 14 | 14.0
Dodging        | 2 3 4 5 |  5.1
Armour         | 3 4 6 |  6.0
Shields        | 1 2 4 |  4.0
Stealth        | 1 |  1.5

Action                     |  1- 3 |  4- 6 |  7- 9 | 10-12 || total
---------------------------+-------+-------+-------+-------++-------
  Melee: Hand axe          |   126 |   178 |   150 |       ||   454
         Punch             |       |     2 |       |       ||     2
         War axe           |       |       |   185 |    25 ||   210
 Invoke: Berserk           |     2 |     2 |     9 |     2 ||    15
         Trog's Hand       |       |       |     1 |     1 ||     2
         Brothers in Arms  |       |       |       |     1 ||     1
    Use: Potion            |     2 |       |       |     5 ||     7
         Scroll            |       |     3 |    14 |     5 ||    22
   Stab: Sleeping          |     1 |       |       |       ||     1
 Armour: Animal skin       |    64 |    94 |     7 |       ||   165
         Ring mail         |       |       |   167 |    17 ||   184
  Dodge: Dodged            |    92 |   106 |   125 |     5 ||   328
  Block: Buckler           |       |    29 |   126 |    17 ||   172
         Reflection        |       |       |    13 |       ||    13

Table legend: (Time is in decaauts)
 A = Elapsed time spent in this place.
 B = Non-inter-level travel time spent in this place.
 C = Inter-level travel time spent in this place.
 D = Time resting spent in this place.
 E = Time spent auto-exploring this place.
 F = Levels seen in this place.
 G = Mean time per level.
                   A        B        C        D        E       F      G
               +--------+--------+--------+--------+--------+-----+--------+
         Total |   7575 |   7277 |    298 |    971 |   4669 |  11 |  688.6 |
       Dungeon |   5950 |   5657 |    293 |    384 |   4087 |   8 |  743.8 |
        Temple |      7 |      3 |      4 |      0 |      0 |   1 |    7.0 |
         Sewer |    894 |    894 |      0 |    129 |    516 |   1 |  894.0 |
        Bailey |    723 |    723 |      0 |    457 |     66 |   1 |  723.0 |
               +--------+--------+--------+--------+--------+-----+--------+

Top non-repeatable levels by time:
     D:4: 1094 daAuts
     D:1: 1017 daAuts
   Sewer: 894 daAuts
     D:3: 803 daAuts
     D:7: 782 daAuts
     D:6: 743 daAuts
  Bailey: 723 daAuts
     D:5: 690 daAuts
     D:2: 673 daAuts
     D:8: 146 daAuts
  Temple: 7 daAuts
